 Dungeon Crawl Stone Soup version 0.31-a0-167-g1c394c0614 (webtiles) character file.

Game seed: 2591829340194057681

9370 lunkers the Warrior (level 12, -5/121 HPs)
             Began as a Meteoran Reaver on June 14, 2023.
             Was an Initiate of Gozag.
             Slain by a death yak (13 damage)
             ... on level 2 of the Lair of Beasts.
             The game lasted 00:17:38 (5435 turns).

lunkers the Warrior (Meteoran Reaver)               Turns: 5435, Time: 00:17:39

Health: -5/121     AC: 10    Str: 19    XL:     12   Next: 4%
Magic:  0/17       EV: 12    Int: 15    God:    Gozag
Gold:   2188       SH:  0    Dex: 13    Spells: 15/16 levels left

rFire   . . .        a - +5 mace (spect)
rCold   . . .        (no shield)
rNeg    . . .        B - +2 robe {Will+}
rPois   .            E - +0 helmet
rElec   .            (no cloak)
rCorr   .            y - +0 pair of gloves
SInv    .            (no boots)
Will    +++..        b - amulet of guardian spirit
Stlth   +            q - +4 ring of protection
HPRegen 0.40/turn    n - ring of willpower
MPRegen 0.15/turn

%: guardian spirit
@: glowing
A: sense surroundings 2, otherworldly, glowing, explore regen
a: Renounce Religion, Potion Petition, Call Merchant, Bribe Branch


You were on level 2 of the Lair of Beasts.
You worshipped Gozag.
Gozag was most pleased with you.
You visited 2 branches of the dungeon, and saw 11 of its levels.

You collected 2216 gold pieces.
You paid 28 gold pieces to Gozag.

Inventory:

Hand Weapons
 a - a +5 spectral mace (weapon)
 v - a +0 dagger of draining
 x - a +1 dagger of venom
 A - a +1 whip of freezing
 C - a +1 morningstar of holy wrath
Armour
 l - the +0 ring mail of Hudghonno {Str+3}
   (You found it on level 5 of the Dungeon)

   Str:       It affects your strength (+3).
 y - a +0 pair of gloves (worn)
 B - a +2 robe of willpower (worn)
 E - a +0 helmet (worn)
Jewellery
 b - an amulet of guardian spirit (around neck)
 e - an amulet of the acrobat
 g - a ring of magical power
 k - a ring of flight
 n - a ring of willpower (right hand)
 q - a +4 ring of protection (left hand)
 r - the ring "Hylyoluo" {Fly Dex+2}
   (You found it on level 6 of the Dungeon)

   [ring of flight]

   Dex:       It affects your dexterity (+2).
   Fly:       It grants you flight.
Scrolls
 f - 2 scrolls of teleportation
 s - 5 scrolls of fear
Potions
 c - a potion of magic {unknown}
 d - 4 potions of curing
 h - 6 potions of heal wounds
 i - 2 potions of ambrosia
 j - 2 potions of enlightenment
 m - a potion of cancellation
 p - a potion of attraction
 t - a potion of might
 u - 2 potions of invisibility
 w - 2 potions of mutation {unknown}
 z - 2 potions of brilliance
 D - a potion of haste {unknown}


   Skills:
 + Level 15.4 Fighting
 - Level 14.0 Maces & Flails
 - Level 2.4 Dodging
 - Level 2.6 Spellcasting
 - Level 3.6 Conjurations


You had 15 spell levels left.
You knew the following spells:

 Your Spells              Type           Power      Damage    Failure   Level
p - Kiss of Death         Conj/Necr      28%        2d7       10%         1

Your spell library contained the following spells:

 Spells                   Type           Power      Damage    Failure   Level
 Momentum Strike          Conj/Tloc      14%        3d8       16%         2
 Apportation              Tloc           4%         N/A       21%         1
 Necrotise                Necr           8%         1d4       21%         1
 Sandblast                Erth           4%         2d4       21%         1
 Summon Small Mammal      Summ           8%         N/A       21%         1
 Passwall                 Tmut/Erth      1%         N/A       30%         2
 Hailstorm                Conj/Ice       7%         3d4       30%         3
 Stone Arrow              Conj/Erth      14%        3d7       30%         3
 Vampiric Draining        Necr           2%         2d6       52%         3
 Agony                    Necr           2%         N/A       99%         5


Dungeon Overview and Level Annotations

Branches:
Dungeon (8/15) Zot: 1309   Temple (0/1) D:5            Lair (3/5) D:8 Zot: 1644
 Shoals (0/4) Lair:2        Snake (0/4) Lair:3

Altars:
Elyvilon
Gozag
Kikubaaqudgha
Makhleb
Nemelex Xobeh
Vehumet
The Shining One

Shops:
D:2 (

Annotations:
D:7 1 transporter


Innate Abilities, Weirdness & Mutations

You passively map the area around you.
You are easily found by Zot.
You glow in the dark.
You regain HP and MP as you explore.


Message History

* * * LOW HITPOINT WARNING * * *
You hit the death yak but do no damage.
The death yak is heavily wounded.
You sock the death yak!
The death yak is heavily wounded.
The death yak barely misses you.
You hit the death yak but do no damage.
The death yak is heavily wounded.
The death yak gores you but does no damage.
Unknown command.
You sock the death yak!
The death yak is severely wounded.
Unknown command.
You hit the death yak.
The death yak is severely wounded.
The death yak gores you!
* * * LOW MAGIC WARNING * * *
* * * LOW HITPOINT WARNING * * *
You hit the death yak but do no damage.
The death yak is severely wounded.
The death yak barely misses you.
Unknown command.
You sock the death yak!
The death yak is almost dead.
The death yak gores you but does no damage.
Unknown command.
You hit the death yak but do no damage.
The death yak is almost dead.
Unknown command.
You completely miss the death yak.
The death yak is almost dead.
The death yak gores you!
* * * LOW MAGIC WARNING * * *
* * * LOW HITPOINT WARNING * * *
You barely miss the death yak.
The death yak is almost dead.
The death yak gores you!
* * * LOW MAGIC WARNING * * *
You die...
Your body crumbles into a pile of gold.

### ##....#.#...#####
*#.# ..###.#....#...##
##.# P.#..####....###
#####..# ...###
#.......# #.##..#* ##.#
#.....(.# #...>.# #..#
#....>..###....## ...#
#...##...###Y....#
..P###..#*####..#Y##..#
.P..#..P ###@###...#
......## ##.## #....#
.....## ###.## #.####
###### #P.## ,### * **
##..# , * , ,, ,...# ,
*, , ..... ** ** ,,
....... , ,,
*#......P#, ,,


You could see 2 death yaks.

Vanquished Creatures
  A death yak (Lair:2)
  Pikel (D:4)
  A manticore (Lair:2)
  A black mamba (Lair:1)
  A torpor snail (Lair:1)
  A rime drake (Lair:1)
  A cane toad (Lair:1)
  A komodo dragon (Lair:1)
  A troll (D:7)
  A polar bear (Lair:1)
  A wind drake (Lair:2)
  4 blink frogs (Lair:1)
  A basilisk (Lair:1)
  9 yaks (Lair:1)
  2 wargs (D:8)
  A water moccasin (Lair:1)
  Duvessa (D:5)
  3 orc warriors (D:8)
  An ice beast (D:6)
  2 black bears (D:4)
  A sky beast (D:6)
  5 ogres
  A centaur (D:8)
  2 phantoms
  2 kobold brigands
  4 bullfrogs
  6 scorpions
  Dowan (D:5)
  6 killer bees (D:6)
  A howler monkey (D:4)
  6 hounds
  2 gnoll boudas
  5 orc priests (D:8)
  8 iguanas
  2 sleepcaps
  6 orc wizards
  8 gnolls
  6 adders
  3 shadow imps
  A white imp (D:7)
  2 ufetubi
  A dart slug (D:5)
  20 orcs
  6 ball pythons
  6 bats
  2 endoplasms
  4 giant cockroaches
  7 goblins
  7 hobgoblins
  6 quokkas
  5 frilled lizards
  16 kobolds
  2 rats (D:1)
195 creatures vanquished.

Notes
Turn   | Place    | Note
-------+----------+-------------------------------------------
     0 | D:1      | lunkers the Meteoran Reaver began the quest for the Orb.
     0 | D:1      | Reached XP level 1. HP: 17/17 MP: 5/5
    95 | D:1      | Reached XP level 2. HP: 24/24 MP: 6/6
   298 | D:1      | Reached skill level 5 in Maces & Flails
   353 | D:1      | Reached XP level 3. HP: 18/29 MP: 8/8
   616 | D:1      | Glimpsed the power of Zot.
   754 | D:2      | Reached XP level 4. HP: 28/34 MP: 9/9
   916 | D:2      | Found Emeod's Antique Weapon Shoppe.
  1245 | D:3      | Found an ancient bone altar of Kikubaaqudgha.
  1361 | D:3      | Found an opulent altar of Gozag.
  1367 | D:3      | Found a radiant altar of Vehumet.
  1373 | D:3      | Became a worshipper of Gozag Ym Sagoz the Greedy
  1699 | D:4      | Reached XP level 5. HP: 38/41 MP: 10/10
  1870 | D:4      | Noticed an ogre
  1873 | D:4      | Noticed a black bear
  1877 | D:4      | Killed an ogre
  1878 | D:4      | Reached XP level 6. HP: 25/48 MP: 9/11
  1890 | D:4      | Killed a black bear
  1915 | D:4      | Noticed a black bear
  1933 | D:4      | Reached XP level 7. HP: 48/55 MP: 12/12
  1953 | D:4      | Reached skill level 10 in Maces & Flails
  2138 | D:4      | Found a burning altar of Makhleb.
  2147 | D:4      | Found a sparkling altar of Nemelex Xobeh.
  2159 | D:4      | Noticed Pikel
  2180 | D:4      | Killed Pikel
  2181 | D:4      | Reached XP level 8. HP: 35/61 MP: 10/13
  2368 | D:4      | Found a white marble altar of Elyvilon.
  2447 | D:4      | Identified a scroll of acquirement
  2447 | D:4      | Acquired 536 gold pieces
  2464 | D:5      | Entered Level 5 of the Dungeon
  2520 | D:5      | Gained mutation: You passively map the area around you.
                  | [Meteoran growth]
  2520 | D:5      | Reached XP level 9. HP: 38/67 MP: 14/14
  2674 | D:5      | Noticed Duvessa
  2674 | D:5      | Noticed Dowan
  2685 | D:5      | Killed Duvessa
  2689 | D:5      | Killed Dowan
  2737 | D:5      | Reached skill level 3 in Fighting
  2754 | D:5      | Identified the +0 ring mail of Hudghonno {Str+3}
  2808 | D:5      | Found a staircase to the Ecumenical Temple.
  2934 | D:5      | Reached skill level 4 in Fighting
  3117 | D:5      | Reached skill level 5 in Fighting
  3160 | D:5      | Reached skill level 6 in Fighting
  3299 | D:6      | Reached skill level 7 in Fighting
  3309 | D:6      | Reached XP level 10. HP: 43/86 MP: 15/15
  3486 | D:6      | Reached skill level 8 in Fighting
  3491 | D:6      | Identified the ring "Hylyoluo" {Fly Dex+2}
  3785 | D:7      | Noticed a two-headed ogre
  3786 | D:7      | Noticed an ogre mage
  3842 | D:7      | Found a transporter.
  3848 | D:7      | Noticed a two-headed ogre
  3862 | D:7      | Reached skill level 9 in Fighting
  4197 | D:8      | Reached skill level 10 in Fighting
  4622 | D:8      | Found a glowing golden altar of the Shining One.
  4658 | D:8      | Reached skill level 11 in Fighting
  4666 | D:8      | Found a staircase to the Lair.
  4790 | Lair:1   | Entered Level 1 of the Lair of Beasts
  4790 | Lair:1   | Noticed a torpor snail
  4807 | Lair:1   | Killed a torpor snail
  4808 | Lair:1   | Reached XP level 11. HP: 58/104 MP: 10/16
  4813 | Lair:1   | Reached skill level 12 in Fighting
  4918 | Lair:1   | Reached skill level 13 in Fighting
  4953 | Lair:1   | Noticed a black mamba
  4963 | Lair:1   | Killed a black mamba
  5051 | Lair:1   | Reached skill level 14 in Fighting
  5319 | Lair:2   | Found a staircase to the Shoals.
  5319 | Lair:2   | Noticed a manticore
  5326 | Lair:2   | Killed a manticore
  5327 | Lair:2   | Reached skill level 15 in Fighting
  5379 | Lair:3   | Noticed a death yak
  5379 | Lair:3   | Noticed a death yak
  5379 | Lair:3   | Noticed a death yak
  5379 | Lair:3   | Noticed a death yak
  5379 | Lair:3   | Noticed a death yak
  5379 | Lair:3   | Noticed a death yak
  5389 | Lair:2   | Killed a death yak
  5390 | Lair:2   | Reached XP level 12. HP: 113/121 MP: 14/17
  5410 | Lair:3   | Noticed a five-headed hydra
  5435 | Lair:2   | Slain by a death yak

Illustrated notes

Levels and vault maps discovered:
D:1:      amcnicky_arrival_blooded_trapdoor, layout_loops_corners, minivault_5
D:2:      layout_loops_ring, serial_shops, shop, patterned_corridor
D:3:      layout_loops_ring, mainiacjoe_overflow_paths,
          mainiacjoe_overflow_large_starburst
D:4:      layout_basic, nicolae_elyvilon_temple_path, mainiacjoe_overflow_swirl,
          uniq_pikel
D:5:      layout_basic, minmay_temple_entry_overgrown, minmay_pentangle,
          uniq_duvessa
D:6:      layout_loops_cross, kennysheep_mini, minmay_gold_behind_fungi,
          chequers_serial_rivers_large_a
D:7:      gammafunk_beogh_shrine, layout_rooms, eino_tiny_chamber
D:8:      layout_cave_pods, tso_oasis_becter, erik_lair_orcish_takeover,
          chequers_serial_rivers_large_b, amcnicky_mini_corridor_feature,
          grunt_ministairs_6, uniq_prince_ribbit1
Lair:1:   layout_loops_ring
Lair:2:   layout_layer_cave, minmay_shoals_entry_beasts
Lair:3:   layout_cave_shapes, nicolae_snake_entry_warm_welcome,
          gammafunk_ghost_abyssal_escape, uniq_fannar

Skill      XL: |  1  2  3  4  5  6  7  8  9 10 11 |
---------------+----------------------------------+-----
Maces & Flails | 5 6 8 9 12 13 14 | 14.0
Fighting       | 7 11 15 | 15.4
Dodging        | |  2.4
Spellcasting   | |  2.6
Conjurations   | |  3.6

Action                     |  1- 3 |  4- 6 |  7- 9 | 10-12 || total
---------------------------+-------+-------+-------+-------++-------
  Melee: Mace              |    97 |    93 |   249 |   341 ||   780
         Punch             |       |     1 |     5 |       ||     6
   Cast: Kiss of Death     |     1 |     2 |     3 |       ||     6
    Use: Scroll            |       |       |    16 |     4 ||    20
         Potion            |       |       |       |     1 ||     1
   Stab: Distracted        |       |       |     2 |     2 ||     4
 Armour: Leather armour    |    30 |       |       |       ||    30
         Ring mail         |     4 |    48 |    29 |       ||    81
         Robe              |       |       |    42 |    84 ||   126
  Dodge: Dodged            |    68 |    59 |   116 |   107 ||   350

Table legend: (Time is in decaauts)
 A = Elapsed time spent in this place.
 B = Non-inter-level travel time spent in this place.
 C = Inter-level travel time spent in this place.
 D = Time resting spent in this place.
 E = Time spent auto-exploring this place.
 F = Levels seen in this place.
 G = Mean time per level.
                   A        B        C        D        E       F      G
               +--------+--------+--------+--------+--------+-----+--------+
         Total |   5295 |   5162 |    133 |      0 |   3460 |  11 |  481.4 |
       Dungeon |   4691 |   4576 |    115 |      0 |   3157 |   8 |  586.4 |
          Lair |    604 |    586 |     18 |      0 |    303 |   3 |  201.3 |
               +--------+--------+--------+--------+--------+-----+--------+

Top non-repeatable levels by time:
     D:4: 988 daAuts
     D:5: 676 daAuts
     D:1: 642 daAuts
     D:8: 575 daAuts
     D:6: 526 daAuts
  Lair:1: 477 daAuts
     D:3: 474 daAuts
     D:2: 417 daAuts
     D:7: 390 daAuts
  Lair:2: 123 daAuts
  Lair:3: 4 daAuts
